 Dungeon Crawl Stone Soup version 0.28.0 (webtiles) character file.

Game seed: 2022857938738163812

614 bande the Chopper (level 7, 0/44 HPs)
             Began as a Gargoyle Fighter on Feb 18, 2022.
             Slain by an orc wizard (2 damage)
             ... on level 4 of the Dungeon.
             The game lasted 00:06:38 (4431 turns).

bande the Chopper (Gargoyle Fighter)                Turns: 4431, Time: 00:06:38

Health: 0/44       AC: 14    Str: 19    XL:     7   Next: 44%
Magic:  7/7        EV:  9    Int: 11    God:
Gold:   182        SH:  4    Dex: 11    Spells: 6/6 levels left

rFire   + . .      SeeInvis .   a - +0 war axe
rCold   . . .      Faith    .   c - +0 buckler
rNeg    + . .      Spirit   .   b - +0 scale mail
rPois   ∞          Reflect  .   m - +0 helmet
rElec   +          Harm     .   l - +0 cloak
rCorr   .          Rampage  .   (no gloves)
Will    .....      Clarity  +   (no boots)
Stlth   ..........              (no amulet)
HPRegen 0.14/turn               (no ring)
MPRegen 0.10/turn               (no ring)

@: mighty
A: sickness immunity, AC +4, negative energy resistance 1, electricity
resistance, torment resistance 1, petrification resistance, clarity, clever 1,
fire resistance 1
a: no special abilities


You were on level 4 of the Dungeon.
You visited 1 branch of the dungeon, and saw 4 of its levels.

You collected 182 gold pieces.

Inventory:

Hand Weapons
 a - a +0 war axe (weapon)
 o - a +2 morningstar of holy wrath
Armour
 b - a +0 scale mail (worn)
 c - a +0 buckler (worn)
 l - a +0 cloak (worn)
 m - a +0 helmet (worn)
Jewellery
 h - an amulet of magic regeneration
Wands
 k - a wand of acid (10)
Scrolls
 j - 3 scrolls of teleportation
Potions
 d - a potion of might
 e - 2 potions of lignification
 f - a potion of haste
 g - 3 potions of mutation


   Skills:
 + Level 4.3 Fighting
 + Level 5.1 Axes
 + Level 4.8 Armour
 - Level 0.2 Stealth
 + Level 4.0 Shields
 * Level 2.4 Evocations


You had 6 spell levels left.
You didn't know any spells.
Your spell library contained the following spells:

 Spells                   Type           Power      Damage    Failure   Level
 Conjure Flame            Conj/Fire      0%         6-21      98%         3
 Ignite Poison            Fire/Tmut/Pois 0%         N/A       98%         3
 Sticky Flame             Conj/Fire      0%         2d3       100%        4


Dungeon Overview and Level Annotations

Branches:
Dungeon (4/15)
 Temple: D:4-7

Altars:
Cheibriados
Dithmenos
Gozag

Annotations:
D:3 2 runed translucent doors, Clumpoid's ghost, amateur DsFi
D:4 2 transporters, zeram's ghost, amateur OpEn


Innate Abilities, Weirdness & Mutations

You are immune to sickness and miasma.
Your stone body is resilient. (AC +4)
You are immune to poison.
You resist negative energy. (rN+)
You are resistant to electric shocks. (rElec)
You are resistant to unholy torment.
You are immune to petrification.
You possess an exceptional clarity of mind.
Your mind is acute. (Int +2)
Your flesh is heat resistant. (rF+)


Message History

The magic dart hits you but does no damage.
You barely miss something. Something hits you but does no damage.
You hear some strange, mumbled words.
Something tries to affect you, but you resist.
You completely miss something. Something hits you but does no damage.
You miss something. You block something's attack.
You barely miss something.
You hear some strange, mumbled words.
A magic dart appears from out of thin air!
The magic dart hits you.
You slash something!
Something hits you but does no damage. x2
You barely miss something. Something hits you but does no damage.
You miss something. Something hits you.
You miss something.
You hear some strange, mumbled words.
A magic dart appears from out of thin air!
The magic dart hits you.
* * * LOW HITPOINT WARNING * * *
You hear some strange, mumbled words.
A magic dart appears from out of thin air!
The magic dart hits you.
* * * LOW HITPOINT WARNING * * *
You feel very mighty all of a sudden. Something hits you but does no damage.
You miss something.
You hear some strange, mumbled words.
A puff of flame appears from out of thin air!
The puff of flame hits you. You resist.
* * * LOW HITPOINT WARNING * * *
You closely miss something.
You hear some strange, mumbled words.
A magic dart appears from out of thin air!
The magic dart hits you.
* * * LOW HITPOINT WARNING * * *
You miss something. Something hits you but does no damage.
You hear some strange, mumbled words.
A magic dart appears from out of thin air!
The magic dart hits you but does no damage.
You closely miss something. Something hits you.
You die...

†...#.###..# .## #
##.........##.. .
†#....###...)# .#
#.#.#.###..†.## ###.#
...........#†.#w.#.#
#.#.#..........##..
#†...####..#.###.# .
#...#####..#.†...###....
................@{......
..........#............#
########################


There were no monsters in sight!

Vanquished Creatures
  Menkaure (D:4)
  A black bear (D:4)
  An ogre (D:4)
  A gnoll sergeant (D:4)
  A hound (D:4)
  An orc priest (D:4)
  A centaur skeleton (D:4)
  An orc wizard (D:4)
  2 adders
  An ufetubus (D:4)
  An adder skeleton (D:4)
  A worm (D:3)
  4 dart slugs
  7 orcs (D:4)
  9 endoplasms
  3 giant cockroaches
  6 goblins
  11 hobgoblins
  5 jackals (D:4)
  6 kobolds
  3 quokkas
  9 ball pythons
  7 bats
  3 frilled lizards (D:2)
  6 rats
92 creatures vanquished.

Notes
Turn   | Place    | Note
-------+----------+-------------------------------------------
     0 | D:1      | bande the Gargoyle Fighter began the quest for the Orb.
     0 | D:1      | Reached XP level 1. HP: 14/14 MP: 1/1
   375 | D:1      | Reached XP level 2. HP: 16/19 MP: 2/2
   489 | D:1      | Reached skill level 2 in Axes
  1026 | D:1      | Found a faded altar of an unknown god.
  1143 | D:1      | Reached XP level 3. HP: 23/23 MP: 3/3
  1851 | D:2      | Reached XP level 4. HP: 28/28 MP: 4/4
  2028 | D:3      | Gained mutation: Your mind is acute. (Int +2) [potion of
                  | mutation]
  2028 | D:3      | Gained mutation: Your flesh is heat resistant. (rF+)
                  | [potion of mutation]
  2028 | D:3      | Gained mutation: You possess an exceptional clarity of
                  | mind. [potion of mutation]
  2289 | D:3      | Found a snail-covered altar of Cheibriados.
  2322 | D:3      | Found an opulent altar of Gozag.
  2465 | D:3      | Found a shadowy altar of Dithmenos.
  2478 | D:3      | Reached skill level 3 in Axes
  2509 | D:3      | Found a large runed translucent door.
  2510 | D:3      | Found a large runed translucent door.
  2510 | D:3      | Noticed Clumpoid's ghost (amateur DsFi)
  2889 | D:4      | Found a transporter.
  2894 | D:4      | Noticed zeram's ghost (amateur OpEn)
  2921 | D:4      | Noticed Menkaure
  2926 | D:4      | Killed Menkaure
  2927 | D:4      | Reached skill level 1 in Evocations
  2927 | D:4      | Reached XP level 5. HP: 25/33 MP: 5/5
  3231 | D:4      | Noticed a black bear
  3246 | D:4      | Killed a black bear
  3247 | D:4      | Reached skill level 4 in Axes
  3247 | D:4      | Reached XP level 6. HP: 24/38 MP: 6/6
  3763 | D:4      | Found a transporter.
  3785 | D:4      | Reached XP level 7. HP: 18/43 MP: 7/7
  4362 | D:4      | Reached skill level 5 in Axes
  4429 | D:4      | HP: 2/44 [something/magic dart (5)]
  4431 | D:4      | Slain by an orc wizard

Illustrated notes

Levels and vault maps discovered:
D:1:      dpeg_arrival_orchard, layout_basic, serial_glass, glass_columns_c,
          glass_columns_a, shapermc_ecumenical_altar_mp_highgroup
D:2:      layout_rooms, minmay_door_square, kennysheep_generic_room_8
D:3:      layout_loops_ring, mainiacjoe_overflow_catwalk, old_standard_altar,
          nicolae_overflow_hidden_temple, ebering_ghost_disaster_area,
          st_stairs_5
D:4:      layout_loops_ring, grunt_temple_overflow_diamond,
          gammafunk_ghost_mausoleum, grunt_ministairs_6, minmay_pentomino_pile,
          uniq_pikel, uniq_crazy_yiuf_cottage, uniq_menkaure

Skill      XL: |  1  2  3  4  5  6  7 |
---------------+----------------------+-----
Axes           | 2 3 4 5 |  5.1
Fighting       | 4 |  4.3
Armour         | 4 |  4.8
Evocations     | 1 2 |  2.4
Shields        | 4 |  4.0
Stealth        | |  0.2

Action                   |  1- 3 |  4- 6 |  7- 9 || total
-------------------------+-------+-------+-------++-------
Melee: War axe           |    97 |   136 |    61 ||   294
  Use: Scroll            |     2 |       |       ||     2
       Potion            |       |     5 |     1 ||     6
Armor: Scale mail        |    51 |    83 |    48 ||   182
       Skin              |       |    27 |       ||    27
Dodge: Dodged            |    63 |    54 |    21 ||   138
Block: Buckler           |    23 |    31 |    11 ||    65
